 Dungeon Crawl Stone Soup version 0.26-a0-738-g91b530ce93 (webtiles) character file.

Game seed: 17275113404552166616

99982 Arkorax the Executioner (level 15, -12/217 HPs)
             Began as a Minotaur Berserker on Nov 5, 2020.
             Was a High Priest of Trog.
             Mangled by a spriggan rider
             ... wielding a +0 spear
              (16 damage)
             ... on level 3 of the Swamp.
             The game lasted 00:21:12 (25106 turns).

Arkorax the Executioner (Minotaur Berserker)       Turns: 25106, Time: 00:21:13

Health: -12/217    AC: 16    Str: 36    XL:     15   Next: 79%
Magic:  14/14      EV: 11    Int:  0    God:    Trog [*****.]
Gold:   2102       SH:  0    Dex:  9    Spells: 14/14 levels left

rFire    + + +     SeeInvis +   b - +6 executioner's axe of Impermanence {flame, rF+++ Str-5 Dex-3 SInv}
rCold    + + .     Faith    +   (shield currently unavailable)
rNeg     . . .     Spirit   .   R - +7 plate armour of Duha Doydeed {rCorr Int-5 Dex+2}
rPois    +         Reflect  .   P - +1 hat
rElec    +         Harm     .   o - +1 cloak
rCorr    +         Rampage  .   c - +0 pair of gloves
MR       ++...                  a - +1 pair of boots
Stlth    ..........             y - amulet of faith
HPRegen  0.46/turn              g - +6 ring of strength
MPRegen  0.14/turn              K - +6 ring of strength

@: berserking, resistant, corroded, slowed, lost intelligence, studying
Invocations
A: retaliatory headbutt, horns 2, cold resistance 1, magic resistance 1, poison
resistance, strong 1
a: Berserk, Trog's Hand, Brothers in Arms, Renounce Religion


You were on level 3 of the Swamp.
You worshipped Trog.
Trog was extremely pleased with you.
You visited 4 branches of the dungeon, and saw 25 of its levels.
You visited the Abyss 1 time.
You also visited: Ossuary and Ice Cave.

You collected 2228 gold pieces.
You spent 126 gold pieces at shops.

Inventory:

Hand Weapons
 b - the +6 executioner's axe of Impermanence (weapon) {flame, rF+++ Str-5 Dex-3 SInv}
   (Trog gifted it to you on level 10 of the Dungeon)

   It has been specially enchanted to burn those struck by it, causing extra
   injury to most foes and up to half again as much damage against particularly
   susceptible opponents.
   Big, fiery blades are also staple armaments of hydra-hunters.
   It affects your strength (-5).
   It affects your dexterity (-3).
   It renders you almost immune to fire.
   It lets you see invisible.
 Z - a +3 vorpal executioner's axe
Armour
 a - a +1 pair of boots (worn)
 c - a +0 pair of gloves (worn)
 o - a +1 cloak (worn)
 P - a +1 hat (worn)
 R - the +7 plate armour of Duha Doydeed (worn) {rCorr Int-5 Dex+2}
   (You found it in an ice cave)

   It affects your intelligence (-5).
   It affects your dexterity (+2).
   It provides partial protection from all sources of acid and corrosion.
Jewellery
 g - a +6 ring of strength (left hand)
 t - a cursed -4 ring of protection {unknown}
 v - an uncursed ring of fire {unknown}
 x - an uncursed ring of magical power {unknown}
 y - an amulet of faith (around neck)
 A - an uncursed amulet of reflection {unknown}
 B - an uncursed ring of protection from fire
 D - an uncursed ring of protection from cold
 K - a +6 ring of strength (right hand)
 T - an uncursed ring of resist corrosion {unknown}
 V - an uncursed amulet of reflection {unknown}
 Y - a +4 ring of evasion {unknown}
Wands
 w - a wand of digging (5)
 U - a wand of acid (17)
Scrolls
 d - 5 scrolls of blinking
 h - 9 scrolls of magic mapping
 k - 13 scrolls of teleportation
 m - 19 scrolls of remove curse
 n - 2 scrolls of enchant armour {unknown}
 p - 3 scrolls of fear {unknown}
 q - 4 scrolls of immolation {unknown}
 r - a scroll of fog {unknown}
 u - 4 scrolls of enchant weapon {unknown}
 z - 3 scrolls of random uselessness {unknown}
 F - 3 scrolls of noise
 M - 3 scrolls of vulnerability {unknown}
 N - a scroll of torment {unknown}
 W - a scroll of silence {unknown}
 X - 10 scrolls of identify
Potions
 e - 8 potions of lignification
 f - 9 potions of curing
 i - 5 potions of stabbing
 j - 2 potions of mutation
 l - a potion of heal wounds
 s - 3 potions of berserk rage
 C - 3 potions of haste
 E - a potion of ambrosia
 G - 6 potions of brilliance
 H - a potion of magic {unknown}
 I - 4 potions of flight
 J - 2 potions of invisibility
 L - 3 potions of resistance
 S - a potion of degeneration {unknown}
Books
 Q - a manual of Invocations


   Skills:
 + Level 16.4 Fighting
 * Level 23.3 Axes
 + Level 16.1 Armour
 + Level 6.3 Dodging


You had 14 spell levels left.
You didn't know any spells.
Your spell library was empty.

Dungeon Overview and Level Annotations

Branches:
Dungeon (15/15)            Temple (0/1) D:6            Lair (5/6) D:10
  Swamp (3/4) Lair:4       Spider (0/4) Lair:4          Orc (2/2) D:9
    Elf (0/3) Orc:2        Vaults (0/5) D:13         Depths (0/5) D:15
Ossuary (visited)           IceCv (visited)
  Slime: Lair:5-6

Altars:
Ashenzari
Cheibriados
Elyvilon
Fedhas
Gozag
Kikubaaqudgha
Nemelex Xobeh
Okawaru
Sif Muna
Trog
Zin
Beogh

Shops:
D:12 *   D:15 (   Orc:2 (?(=

Portals:
Abyss: Lair:2

Annotations:
Lair:2 2 transporters, Zeamae's ghost, journeyman OpCj
Lair:4 exclusion: 4 oklob plants


Innate Abilities, Weirdness & Mutations

You reflexively headbutt those who attack you in melee.
You have a pair of horns on your head.
Your flesh is cold resistant. (rC+)
You are resistant to hostile enchantments. (MR+)
Your system is resistant to poisons. (rPois)
Your muscles are strong. (Str +2)


Message History

The spriggan rider hits you with a +0 spear!
* * * LOW HITPOINT WARNING * * *
The goliath frog barely misses you. You furiously retaliate!
You headbutt the goliath frog, but do no damage.
The spriggan rider hits you but does no damage.
A red film seems to cover your vision as you go berserk!
You feel yourself moving faster!
You feel mighty! The goliath frog hits you!
* * * LOW HITPOINT WARNING * * *
The acid corrodes you!
You are splashed with acid.
You resist.
* * * LOW HITPOINT WARNING * * *
The goliath frog hits you but does no damage.
The spriggan rider hits you with a +0 spear.
* * * LOW HITPOINT WARNING * * *
The goliath frog hits you but does no damage.
You hit the goliath frog. You burn the goliath frog.
Your headbutt misses the goliath frog.
The goliath frog is lightly wounded.
You slash the spriggan rider! You burn the spriggan rider!
The spriggan rider hits you with a +0 spear!
You die...

≈≈≈≈≈.....≈
.≈≈≈≈≈≈≈.≈≈♣
≈≈.≈≈≈§≈.}§≈.
§.§≈≈≈......♣♣♣♣
≈...§≈≈...≈≈...♣
....♣♣...≈≈≈...
..≈..≈≈≈....♣♣♣..♣
≈≈≈.)≈≈≈≈.<...≈≈§≈
.≈≈.....@F..≈≈≈≈≈≈
♣≈≈≈≈≈).≈i♣♣.≈≈≈≈≈
.≈≈≈≈≈≈)(.≈♣♣.≈≈≈≈
.≈≈≈≈≈≈≈≈...♣≈.≈≈≈
♣♣...^≈≈≈≈.♣♣ ..≈≈
♣≈♣♣♣♣...≈≈≈♣ .!≈
≈ ♣♣..≈≈.♣ ♣.≈
♣§.≈.♣♣ ≈.≈♣♣♣


You could see a spriggan rider and a goliath frog.

Vanquished Creatures
  Jorgrun (Swamp:2)
  Rupert (D:14)
  Gastronok (D:9)
  A tentacled starspawn (Abyss:2)
  Agnes (D:14)
  2 thorn hunters (Swamp:2)
  An orc warlord (Orc:2)
  2 entropy weavers (Lair:4)
  2 bunyips (Swamp:2)
  4 eleionomae
  Snorg (D:13)
  A shambling mangrove (Swamp:1)
  2 ogre magi
  A rakshasa (D:15)
  A ghost crab (Swamp:3)
  4 hydras
  A boulder beetle (D:14)
  A centaur warrior (D:14)
  6 alligators
  A queen ant (Lair:4)
  9 two-headed ogres
  2 goliath frogs (Swamp:2)
  4 orc high priests (Orc:2)
  A deep elf knight (D:13)
  A fire crab (shapeshifter) (D:15)
  2 spriggans (Swamp:3)
  5 skeletal warriors (D:12)
  3 swamp dragons
  An unseen horror (Abyss:2)
  A harpy (shapeshifter) (D:15)
  A wizard (D:10)
  Pikel (D:8)
  6 orc knights
  7 ugly things
  6 deep elf magi
  A will-o-the-wisp (Swamp:1)
  A wolf spider (D:15)
  5 orc sorcerers (Orc:2)
  A manticore (D:15)
  2 cyclopes
  An elephant (D:10)
  A centaur zombie (D:15)
  3 ice statues (IceCv)
  6 cane toads
  3 rime drakes (Lair:4)
  A redback zombie (D:13)
  10 komodo dragons
  2 kobold demonologists (D:15)
  2 bloated husks
  A merfolk (shapeshifter) (D:15)
  An ancient zyme (D:10)
  2 tengu conjurers (D:15)
  A polar bear (Lair:2)
  3 tyrant leeches
  4 trolls
  5 hornets
  4 blink frogs
  7 slime creatures (D:15)
  Sigmund (D:2)
  2 wraiths
  7 wyverns
  A vampire (D:15)
  2 redbacks (Lair:4)
  3 basilisks
  22 yaks
  Eustachio (D:6)
  A chaos spawn (Abyss:2)
  A neqoxec (Abyss:2)
  10 vampire mosquitoes
  Menkaure (D:6)
  3 wargs (Orc:2)
  9 swamp worms
  2 acid dragons
  8 soldier ants
  9 water moccasins
  4 black bears
  A swamp drake (Swamp:3)
  36 orc warriors
  4 sky beasts
  19 ice beasts
  5 boggarts
  3 wolves (Lair:3)
  24 ogres
  8 centaurs
  2 lemures (D:8)
  7 big kobolds
  8 bullfrogs
  4 scorpions
  A wyvern skeleton (D:12)
  11 wights
  9 killer bees
  3 howler monkeys (D:10)
  3 electric eels (D:9)
  A crimson imp (D:10)
  2 bullfrog zombies
  A quasit (D:12)
  4 hounds
  5 jellies
  22 orc wizards
  A bullfrog skeleton (D:8)
  A centaur skeleton (D:9)
  24 orc priests
  Jessica (D:9)
  6 iguanas
  23 worker ants
  2 big kobold zombies (Ossuary)
  8 mummies (Ossuary)
  6 worker ant zombies
  Robin (D:3)
  3 gnolls (D:8)
  14 adders
  4 shadow imps
  5 white imps
  2 ufetubi
  2 oozes
  An adder skeleton (D:8)
  2 worms
  5 dart slugs
  3 leopard geckos
  80 orcs
  4 ball pythons
  8 bats
  5 giant cockroaches
  8 hobgoblins
  10 jackals
  22 kobolds
  3 quokkas
  10 frilled lizards
  3 gnoll zombies (Ossuary)
  15 goblins
  2 kobold zombies (Ossuary)
  2 leopard gecko skeletons
  A leopard gecko zombie (D:5)
  An orc zombie (Ossuary)
  A quokka skeleton (D:5)
  7 rats
718 creatures vanquished.

Vanquished Creatures (collateral kills)
  A warg (Orc:2)
  3 soldier ants (Lair:4)
  An orc warrior (Orc:2)
  An ogre (Orc:2)
  4 worker ants (Lair:4)
  5 orcs (Orc:2)
15 creatures vanquished.

Vanquished Creatures (others)
  A bloated husk (Swamp:1)
  3 briar patches (Swamp:2)
  8 fungi
  63 plants
  2 starspawn tentacles (Abyss:2)
77 creatures vanquished.

Grand Total: 810 creatures vanquished

Notes
Turn   | Place    | Note
-------+----------+-------------------------------------------
     0 | D:1      | Arkorax the Minotaur Berserker began the quest for the Orb.
     0 | D:1      | Reached XP level 1. HP: 19/19 MP: 0/0
   325 | D:1      | Reached skill level 4 in Axes
   325 | D:1      | Reached XP level 2. HP: 27/27 MP: 1/1
   778 | D:2      | Reached XP level 3. HP: 33/33 MP: 2/2
   933 | D:2      | Found an iron altar of Okawaru.
   940 | D:2      | Noticed Sigmund
   957 | D:2      | Killed Sigmund
   957 | D:2      | Reached ** piety under Trog
   957 | D:2      | Reached skill level 5 in Axes
   957 | D:2      | Reached XP level 4. HP: 15/41 MP: 3/3
   957 | D:2      | Reached XP level 5. HP: 17/47 MP: 4/4
  1230 | D:2      | Reached skill level 6 in Axes
  1246 | D:2      | Reached skill level 5 in Fighting
  2101 | D:3      | Reached XP level 6. HP: 45/56 MP: 5/5
  2185 | D:3      | Found a bloodstained altar of Trog.
  2214 | D:3      | Found a shimmering blue altar of Sif Muna.
  2281 | D:3      | Noticed Robin
  2293 | D:3      | Killed Robin
  2360 | D:3      | Reached *** piety under Trog
  2960 | D:4      | Reached skill level 7 in Axes
  3028 | D:4      | Found a glowing drain.
  3148 | D:4      | Reached XP level 7. HP: 53/62 MP: 6/6
  3228 | D:4      | Reached skill level 5 in Armour
  3767 | D:4      | Found a snail-covered altar of Cheibriados.
  3963 | D:5      | Entered Level 5 of the Dungeon
  3983 | D:5      | Reached skill level 8 in Axes
  4069 | D:5      | Reached **** piety under Trog
  4196 | D:5      | Reached skill level 9 in Axes
  4917 | D:6      | Reached XP level 8. HP: 70/71 MP: 7/7
  4942 | D:6      | Found a sand-covered staircase.
  4948 | Ossuary  | Entered an ossuary
  4991 | Ossuary  | Reached skill level 10 in Axes
  5317 | D:6      | Noticed Menkaure
  5323 | D:6      | Killed Menkaure
  5375 | D:6      | Reached skill level 11 in Axes
  5623 | D:6      | Noticed Eustachio
  5627 | D:6      | Killed Eustachio
  5703 | D:6      | Reached skill level 12 in Axes
  5755 | D:6      | Reached XP level 9. HP: 64/81 MP: 8/8
  5946 | D:6      | Found a staircase to the Ecumenical Temple.
  6119 | D:7      | You fall into a shaft and drop 2 floors!
  6133 | D:9      | Noticed Jessica
  6141 | D:9      | Killed Jessica
  6152 | D:9      | Found a shimmering blue altar of Sif Muna.
  6192 | D:9      | Reached skill level 13 in Axes
  6202 | D:9      | Reached ***** piety under Trog
  6610 | D:9      | Reached skill level 14 in Axes
  6771 | D:9      | Noticed Gastronok
  6831 | D:9      | Killed Gastronok
  6831 | D:9      | Reached skill level 15 in Axes
  6831 | D:9      | Reached XP level 10. HP: 41/92 MP: 9/9
  7151 | D:9      | Reached skill level 16 in Axes
  7313 | D:9      | Reached skill level 10 in Fighting
  7351 | D:9      | Found a staircase to the Orcish Mines.
  7564 | D:10     | Entered Level 10 of the Dungeon
  7565 | D:10     | Noticed a two-headed ogre
  7570 | D:10     | Killed a two-headed ogre
  7573 | D:10     | Found a staircase to the Lair.
  7575 | D:10     | Noticed an elephant
  7586 | D:10     | Killed an elephant
  7586 | D:10     | Reached skill level 10 in Armour
  7903 | D:10     | Noticed a wizard
  7903 | D:10     | Cast into level 2 of the Abyss (a wizard)
  7930 | Abyss:2  | Noticed a tentacled starspawn
  7940 | Abyss:2  | Killed a tentacled starspawn
  7940 | Abyss:2  | Reached skill level 17 in Axes
  7940 | Abyss:2  | Reached XP level 11. HP: 101/101 MP: 10/10
  8086 | Abyss:2  | Killed an unseen horror
  8212 | Abyss:2  | Gained mutation: You are occasionally teleported next to
                  | monsters. [a neqoxec]
  8213 | Abyss:2  | Gained mutation: You occasionally shout uncontrollably at
                  | your foes. [a neqoxec]
  8214 | Abyss:2  | Noticed a wretched star
  8216 | D:10     | Escaped the Abyss
  8217 | D:10     | Received a gift from Trog
  8225 | D:10     | Killed a wizard
  8227 | D:10     | Got a crystal executioner's axe {god gift}
  8228 | D:10     | Identified the +6 executioner's axe of Impermanence {flame,
                  | rF+++ Str-5 Dex-3 SInv} (Trog gifted it to you on level 10
                  | of the Dungeon)
  8524 | D:10     | Noticed a deep elf mage
  8529 | D:10     | Killed a deep elf mage
  8580 | D:10     | Found a broken altar of Ashenzari.
  9054 | D:8      | Found a broken altar of Ashenzari.
  9055 | D:8      | Noticed Pikel
  9062 | D:8      | Killed Pikel
  9321 | D:8      | Found an ancient bone altar of Kikubaaqudgha.
  9493 | D:8      | Reached skill level 18 in Axes
  9918 | D:7      | Found an opulent altar of Gozag.
  9985 | D:7      | Received a gift from Trog
 10124 | D:7      | Found a sparkling altar of Nemelex Xobeh.
 10201 | D:7      | Found a blossoming altar of Fedhas.
 10243 | D:7      | Found a glowing silver altar of Zin.
 10410 | Lair:1   | Entered Level 1 of the Lair of Beasts
 10885 | Lair:1   | Noticed a six-headed hydra
 10890 | Lair:1   | Killed a four-headed hydra
 11599 | Lair:1   | Reached XP level 12. HP: 107/112 MP: 11/11
 11972 | Lair:2   | Found a transporter.
 12006 | Lair:2   | Noticed a seven-headed hydra
 12011 | Lair:2   | Killed a five-headed hydra
 12107 | Lair:2   | Found a transporter.
 12118 | Lair:2   | Found a one-way gate to the infinite horrors of the Abyss.
 12118 | Lair:2   | Noticed Zeamae's ghost (journeyman OpCj)
 13323 | Lair:3   | Reached skill level 19 in Axes
 13673 | Lair:3   | Received a gift from Trog
 13674 | Lair:3   | Lost mutation: You occasionally shout uncontrollably at
                  | your foes. [potion of mutation]
 13674 | Lair:3   | Lost mutation: You are occasionally teleported next to
                  | monsters. [potion of mutation]
 13674 | Lair:3   | Gained mutation: You are weak. (Str -2) [potion of
                  | mutation]
 13674 | Lair:3   | Gained mutation: Your mind is acute. (Int +2) [potion of
                  | mutation]
 13966 | Lair:3   | Lost mutation: You are weak. (Str -2) [potion of mutation]
 13966 | Lair:3   | Lost mutation: Your mind is acute. (Int +2) [potion of
                  | mutation]
 13966 | Lair:3   | Gained mutation: Your system is resistant to poisons.
                  | (rPois) [potion of mutation]
 13966 | Lair:3   | Gained mutation: Your muscles are strong. (Str +2) [potion
                  | of mutation]
 13966 | Lair:3   | Gained mutation: Your flesh is cold resistant. (rC+)
                  | [potion of mutation]
 13966 | Lair:3   | Gained mutation: You are resistant to hostile enchantments.
                  | (MR+) [potion of mutation]
 14274 | Lair:4   | Found a staircase to the Swamp.
 14446 | Lair:4   | Noticed a queen ant
 14446 | Lair:4   | Noticed an entropy weaver
 14453 | Lair:4   | Killed an entropy weaver
 14454 | Lair:4   | Noticed an entropy weaver
 14461 | Lair:4   | Killed a queen ant
 14932 | Lair:4   | Found a hole to the Spider Nest.
 15189 | Lair:4   | Killed an entropy weaver
 15189 | Lair:4   | Reached XP level 13. HP: 115/122 MP: 12/12
 16144 | D:11     | Received a gift from Trog
 16146 | D:11     | Reached skill level 20 in Axes
 16247 | D:11     | Found a frozen archway.
 16265 | IceCv    | Entered an ice cave
 16278 | IceCv    | Got a pitted plate armour
 16289 | IceCv    | Identified the +7 plate armour of Duha Doydeed {rCorr Int-5
                  | Dex+2} (You found it in an ice cave)
 16289 | IceCv    | Lost intelligence.
 16393 | IceCv    | Identified Siudy's Guide on Earth and Battle Magic
 17039 | D:12     | Received a gift from Trog
 17224 | D:12     | Found Ymewi's General Store.
 17326 | D:13     | Noticed Snorg
 17331 | D:13     | Killed Snorg
 17334 | D:13     | Reached skill level 21 in Axes
 17698 | D:13     | Found a gate to the Vaults.
 18021 | D:14     | Noticed Agnes
 18029 | D:14     | Killed Agnes
 18029 | D:14     | Reached XP level 14. HP: 53/133 MP: 13/13
 18428 | D:14     | Found a white marble altar of Elyvilon.
 18512 | D:14     | Noticed Rupert
 18512 | D:14     | Paralysed by Rupert for 2 turns
 18524 | D:14     | Killed Rupert
 18694 | D:14     | You fall into a shaft and drop 1 floor!
 18694 | D:15     | Entered Level 15 of the Dungeon
 19121 | D:15     | Reached skill level 15 in Fighting
 19267 | D:15     | Reached skill level 22 in Axes
 19267 | D:15     | Reached skill level 15 in Armour
 19307 | D:15     | Reached ****** piety under Trog
 19506 | D:15     | Found a staircase to the Depths.
 19558 | D:15     | Found Wed Usil's Weapon Shoppe.
 19858 | Orc:1    | Entered Level 1 of the Orcish Mines
 20071 | Orc:2    | Entered Level 2 of the Orcish Mines
 20075 | Orc:2    | Received a gift from Trog
 20645 | Orc:2    | Found a roughly hewn altar of Beogh.
 20902 | Orc:2    | Found Duxuital's Weapon Boutique.
 21119 | Orc:2    | Noticed an orc warlord
 21123 | Orc:2    | Found a roughly hewn altar of Beogh.
 21126 | Orc:2    | Received a gift from Trog
 21132 | Orc:2    | Killed an orc warlord
 21169 | Orc:2    | Reached XP level 15. HP: 141/143 MP: 14/14
 21400 | Orc:2    | Found Rikezem's Magic Scroll Emporium.
 21513 | Orc:2    | Bought a scroll of teleportation for 42 gold pieces
 21513 | Orc:2    | Bought a scroll of teleportation for 42 gold pieces
 21513 | Orc:2    | Bought a scroll of teleportation for 42 gold pieces
 21539 | Orc:2    | Found Enojeul's Weapon Shop.
 21864 | Orc:2    | Found Qullu's Jewellery Shop.
 22080 | Orc:2    | Received a gift from Trog
 22089 | Orc:2    | Found a staircase to the Elven Halls.
 22713 | Swamp:1  | Entered Level 1 of the Swamp
 23582 | Swamp:2  | Noticed a thorn hunter
 23585 | Swamp:2  | Killed a thorn hunter
 23765 | Swamp:2  | Reached skill level 5 in Dodging
 23940 | Swamp:2  | Noticed Jorgrun
 23962 | Swamp:2  | Killed Jorgrun
 23962 | Swamp:2  | Reached skill level 23 in Axes
 24045 | Swamp:2  | Noticed a thorn hunter
 24064 | Swamp:2  | Killed a thorn hunter
 25105 | Swamp:3  | HP: 7/217 [acid (4)]
 25105 | Swamp:3  | HP: 3/217 [spriggan rider/+0 spear (4)]
 25106 | Swamp:3  | Mangled by a spriggan rider

Illustrated notes

Levels and vault maps discovered:
D:1:      dpeg_arrival_simpleton_c, layout_rooms, chequers_mini_garden
D:2:      layout_loops_ring, old_standard_altar, minmay_between, uniq_sigmund
D:3:      layout_loops_ring, bloody_trog, lemuel_altar_in_water, uniq_robin
D:4:      layout_loops_cross, kennysheep_slug_shrine, portal_sewer_entry_b,
          minmay_manual_macuahuitl
D:5:      layout_basic
D:6:      layout_basic, minmay_temple_entry_fiery, nicolae_ossuary_entry_plus,
          uniq_menkaure, uniq_eustachio
D:7:      layout_rooms, old_standard_altar, kennysheep_mini_moat,
          kennysheep_mini, nicolae_gozag_seed_capital
D:8:      layout_basic, kennysheep_little_box, cheibrodos_ashenzari_chains,
          uniq_pikel
D:9:      corexii_shack_village, layout_basic, tgw_sif, david_orc_4,
          serial_bayou_lake_a, uniq_gastronok
D:10:     layout_long_grid, david_lair_generic, basic_altar,
          lightli_wizard_tower
D:11:     layout_small_grid, portal_ice_cave_entry_ice_beasts
D:12:     layout_rooms, serial_shops, shop
D:13:     layout_long_grid, hangedman_vaults_entry_quadrant_bands, uniq_snorg
D:14:     layout_loops_corners, elyvilon_altar_1, enter_bailey_3, uniq_roxanne,
          uniq_agnes, uniq_rupert, uniq_louise
D:15:     gammafunk_enter_depths_forms, layout_rooms, serial_shops,
          nicolae_shop_statue_plus
Lair:1:   layout_small_grid, grunt_megastairs_1, infiniplex_staircase_pool_2,
          lemuel_fruit_tree, serial_bayou_shore_b, serial_bayou_shore_a
Lair:2:   layout_loops_ring, gammafunk_ghost_abyssal_escape
Lair:3:   layout_regular_city
Lair:4:   layout_cave_pods, minmay_swamp_entry_swarm, spider_nest_entry_a,
          minmay_another_anthill, minmay_lair_oklob_chamber
Lair:5:   layout_layer_cave
Swamp:1:  layout_basic_swamp, evilmike_swamp_ruin_house_4
Swamp:2:  layout_falls_marsh, hangedman_swamp_lotus, swamp_pool5, ldierk_geyser,
          uniq_jorgrun
Swamp:3:  layout_basic_swamp, nicolae_swamp_stair_fork
Orc:1:    layout_diamond_mine, uniq_maurice
Orc:2:    pubby_orc_utopia, serial_shops

Skill      XL: |  1  2  3  4  5  6  7  8  9 10 11 12 13 14 15 |
---------------+----------------------------------------------+-----
Axes           | 4 5 6 7 9 12 15 17 18 19 21 22 23 | 23.3
Fighting       | 4 5 6 7 9 10 12 13 14 15 16 | 16.4
Armour         | 3 4 5 7 9 10 11 13 14 15 16 | 16.1
Dodging        | 3 6 |  6.3

Action                   |  1- 3 |  4- 6 |  7- 9 | 10-12 | 13-15 || total
-------------------------+-------+-------+-------+-------+-------++-------
Melee: Hand axe          |    61 |   133 |   301 |    40 |       ||   535
       Headbutt          |     3 |    27 |    72 |    76 |   147 ||   325
       Battleaxe         |       |       |       |    79 |       ||    79
       Executioner's axe |       |       |       |   254 |   648 ||   902
Invok: Berserk           |     1 |     1 |     3 |     3 |     7 ||    15
       Trog's Hand       |       |     1 |     4 |     5 |     9 ||    19
       Brothers in Arms  |       |       |       |     2 |     3 ||     5
Evoke: Wand              |       |       |     3 |     6 |       ||     9
  Use: Scroll            |       |       |     3 |    16 |       ||    19
       Potion            |       |       |       |     3 |     4 ||     7
Armor: Animal skin       |     4 |    23 |       |       |       ||    27
       Scale mail        |       |    11 |       |       |       ||    11
       Plate armour      |       |       |   126 |   238 |   621 ||   985
       Skin              |       |       |     1 |       |       ||     1
Dodge: Dodged            |    32 |    83 |   105 |   175 |   477 ||   872

Table legend: (Time is in decaauts)
 A = Elapsed time spent in this place.
 B = Non-inter-level travel time spent in this place.
 C = Inter-level travel time spent in this place.
 D = Time resting spent in this place.
 E = Time spent auto-exploring this place.
 F = Levels seen in this place.
 G = Mean time per level.
                   A        B        C        D        E       F      G
               +--------+--------+--------+--------+--------+-----+--------+
         Total |  29567 |  28050 |   1517 |   3859 |  20341 |  28 | 1056.0 |
       Dungeon |  15642 |  14656 |    986 |   1510 |  11174 |  15 | 1042.8 |
          Lair |   5396 |   4993 |    403 |    303 |   4253 |   5 | 1079.2 |
         Swamp |   3629 |   3596 |     33 |   1582 |   1560 |   3 | 1209.7 |
  Orcish Mines |   3982 |   3889 |     93 |    256 |   3066 |   2 | 1991.0 |
         Abyss |    311 |    311 |      0 |    207 |     26 |   1 |  311.0 |
       Ossuary |    338 |    338 |      0 |      0 |    260 |   1 |  338.0 |
      Ice Cave |    266 |    266 |      0 |      0 |      0 |   1 |  266.0 |
               +--------+--------+--------+--------+--------+-----+--------+

Top non-repeatable levels by time:
   Orc:2: 3656 daAuts
 Swamp:2: 2236 daAuts
     D:9: 1670 daAuts
    D:15: 1470 daAuts
     D:2: 1455 daAuts
    D:10: 1447 daAuts
  Lair:4: 1408 daAuts
  Lair:1: 1372 daAuts
 Swamp:1: 1338 daAuts
  Lair:3: 1269 daAuts
    D:13: 1159 daAuts
  Lair:2: 1133 daAuts
     D:4: 1061 daAuts
    D:14: 1020 daAuts
     D:8: 981 daAuts
